 Dungeon Crawl Stone Soup version 0.16-a0-4056-gee4db93 (console) character file.

926 mudo the Digger (level 7, -3/46 HPs)
             Began as a Vampire Earth Elementalist on Feb 20, 2015.
             Was a Believer of Nemelex Xobeh.
             Slain by a merfolk javelineer
             ... wielding a +0 spear of venom
             ... created by the fury of Okawaru
              (10 damage)
             ... on level 5 of the Dungeon.
             The game lasted 00:19:45 (4456 turns).

mudo the Digger (Vampire Earth Elementalist)        Turns: 4456, Time: 00:19:45

Health: -3/46      AC:  4    Str: 17    XL:     7   Next: 85%
Magic:  11/15      EV: 12    Int: 19    God:    Nemelex Xobeh [**....]
Gold:   209        SH:  0    Dex: 14    Spells: 2 memorised, 9 levels left

rFire  . . .     SeeInvis +     v - -2 hand axe (curse)
rCold  . . .     Clarity  .     c - +0 robe
rNeg   + . .     SustAb   .     (no shield)
rPois  .         Gourm    .     l - +0 helmet
rElec  .         Spirit   .     g - +0 cloak
rCorr  .         Warding  .     (no gloves)
rMut   .         Stasis   .     (no boots)
MR     .....                    (no amulet)
Stlth  +++.......               (no ring)
                                (no ring)

@: confused, lethally poisoned (-3 -> -11), especially stealthy, darkness,
immense fortitude, not resistant to hostile enchantments, fairly stealthy
A: bottle blood, fangs 3, see invisible, unbreathing
a: Bat Form, Renounce Religion


You were on level 5 of the Dungeon.
You worshipped Nemelex Xobeh.
Nemelex Xobeh was pleased with you.
You were not thirsty.

You visited 1 branch of the dungeon, and saw 5 of its levels.

You collected 209 gold pieces.


   Skills:
 - Level 2.1 Dodging
 - Level 3.0 Stealth
 + Level 3.9 Spellcasting
   Level 1.1 Transmutations
 + Level 7.6 Earth Magic
 - Level 4.0 Evocations


You had 9 spell levels left.
You knew the following spells:

 Your Spells              Type           Power        Failure   Level  Hunger
a - Sandblast             Erth           ####..       1%          1    None
b - Stone Arrow           Conj/Erth      ###...       12%         3    ###....


Dungeon Overview and Level Annotations

Branches:
Dungeon (5/15)             Temple (0/1) D:5

Altars:
Cheibriados
Elyvilon
Gozag
Kikubaaqudgha
Nemelex Xobeh
Ru
Yredelemnul

Annotations:
D:3 1 exclusion


Innate Abilities, Weirdness & Mutations

You can bottle blood from corpses.
You have razor-sharp teeth.
You have supernaturally acute eyesight.
You can survive without breathing.

Inventory:

Hand weapons
 a - a +0 falchion
 i - a +0 dagger of venom
 o - a +0 dagger
 p - the +12 falchion "Stugew" {slice, rPois MP+9 Str-5 Int+2 Dex+4, unknown}
   (You found it on level 4 of the Dungeon)

   It inflicts extra damage upon your enemies.
   It affects your strength (-5).
   It affects your intelligence (+2).
   It affects your dexterity (+4).
   It protects you from poison.
   It affects your magic capacity (+9).
 r - a +0 quarterstaff
 v - a cursed -2 hand axe (weapon)
Missiles
 b - 166 stones
 h - 8 tomahawks (quivered)
Armour
 c - a +0 robe (worn)
 g - a +0 cloak (worn)
 l - a +0 helmet (worn)
 w - a +2 scale mail of cold resistance
Jewellery
 k - an uncursed ring of protection from magic {unknown}
 y - an uncursed ring of sustain abilities {unknown}
 C - an uncursed ring of magical power {unknown}
Magical devices
 D - a wand of fire (3)
Scrolls
 n - 2 scrolls of identify
Potions
 e - 5 potions of blood {@*1}
 f - a potion of restore abilities
 j - a potion of might {unknown}
 m - a potion of haste {unknown}
 s - 2 potions of poison {unknown}
 t - 2 potions of ambrosia {unknown}
 u - 2 potions of magic {unknown}
 x - 2 potions of cancellation {unknown}
 z - 2 potions of brilliance {unknown}
 A - a potion of agility {unknown}
 B - a potion of mutation {unknown}
 F - a potion of flight {unknown}
 G - a potion of heal wounds {unknown}
Books
 d - a book of Geomancy

   Spells                             Type                      Level
   a - Sandblast                      Earth                        1
   b - Stoneskin                      Transmutation/Earth          2
   c - Passwall                       Transmutation/Earth          3
   d - Stone Arrow                    Conjuration/Earth            3
   e - Petrify                        Transmutation/Earth          4
   f - Lee's Rapid Deconstruction     Earth                        5
Miscellaneous
 q - a plain deck of escape {drawn: 4} {god gift}
 E - a plain deck of destruction {drawn: 2} {god gift}


Message History

The merfolk javelineer closely misses you.
The merfolk hits you from afar with a trident!!
Evoke which item? (* to show all) (? for menu, Esc to quit)
You draw a card...
It is Swap.
You swap places with the merfolk javelineer.
The giant frog zombie hits you.
The merfolk moves out of view.
Here: a merfolk, wielding a trident (covering ground quickly, durably summoned)
The floor.
Here: a giant frog zombie The floor.
You hit the giant frog zombie but do no damage.
The merfolk hits you with a trident of piercing!
The merfolk hits you from afar with a trident.
The merfolk javelineer hits you from afar with a spear of venom!
* * * LOW HITPOINT WARNING * * *
You are lethally poisoned!
The giant frog zombie hits you.
* * * LOW HITPOINT WARNING * * *
The merfolk javelineer hits you from afar with a spear of venom!
You die...

*,**,* #.* #.#####
*,...#
*,**,####.####.....#
*,,,#.
*,**,..........###.#
*,,,#.
*,****#...##.......#
*,###. *,*
####.#.#.##### **...*
*,* ##....# *#.#* *,*
##m#m# #.#
*,*#########.#.#####**
#.#
*,,.......cmmV.......***
#.#
***#######k###Z###..,,,*
##.## #k*
#.#**,#.#.###.... #k*
*..,,,,#.......## #k*
*.##*,*##.###..# #k*
*..,,** *#.....# #.*
*#***,**#.###.## #.*
**,*,** #.#
*k*********,** #.#


You could see a merfolk javelineer, a minotaur, 3 merfolk, a killer bee and a
giant frog zombie.

Action                   |  1- 3 |  4- 6 |  7- 9 || total
-------------------------+-------+-------+-------++-------
Melee: Dagger            |    69 |       |       ||    69
       Falchion          |    16 |       |       ||    16
       Hand axe          |       |    67 |     9 ||    76
Throw: Tomahawk          |     2 |       |       ||     2
 Cast: Sandblast         |    57 |   108 |    42 ||   207
       Stone Arrow       |       |    15 |    12 ||    27
Evoke: Deck              |       |    10 |     8 ||    18
  Use: Scroll            |       |     5 |     1 ||     6
  Eat: Corpse            |    10 |    12 |     3 ||    25

Vault maps used:
D:1:      lemuel_arrival_rhombus, minivault_27, minmay_surrounded
D:2:      nemelex_deck, overflow_temple_1_default, first_bread, uniq_terence
D:3:      kiku_gazebo_garden_becter, yredelemnul_forgotten_temple_becter,
          tgw_trog, uniq_iyjb
D:4:      minitemple, minmay_misc_feat_plants
D:5:      minmay_temple_entry_junction, lemuel_flamethrower_2

Vanquished Creatures
  A sky beast (D:4)
  A swamp drake (D:5)
  An ogre (D:5)
  An ice beast (D:5)
  A scorpion (D:4)
  3 hounds
  3 orc priests
  A giant frog skeleton (D:5)
  An iguana (D:4)
  Ijyb (D:3)
  A hound zombie (D:5)
  5 adders
  2 giant mites
  A worm (D:2)
  An adder zombie (D:5)
  2 giant geckos
  2 oozes
  14 orcs
  A ball python (D:2)
  11 hobgoblins
  3 quokkas
  11 bats
  6 giant cockroaches
  A giant gecko zombie (D:5)
  3 giant newts
  13 goblins
  3 jackals (D:4)
  10 kobolds
  13 rats
  A spectral orc (D:3)
118 creatures vanquished.

Vanquished Creatures (collateral kills)
  An ogre (D:4)
  Terence (D:2)
  A giant cockroach (D:2)
  A goblin (D:3)
4 creatures vanquished.

Vanquished Creatures (others)
  An orc warrior (D:5)
  An orc wizard (D:5)
  2 orcs (D:5)
  A bat skeleton (D:5)
  A rat (D:5)
6 creatures vanquished.

Grand Total: 128 creatures vanquished

Table legend:
 A = Kills in this place as a percentage of kills in entire the game.
 B = Kills by you in this place as a percentage of kills by you in the entire game.
 C = Kills by friends in this place as a percentage of kills by friends in the entire game.
 D = Other kills in this place as a percentage of other kills in the entire game.
 E = Experience gained in this place as a percentage of experience gained in the entire game.
 F = Experience gained in this place divided by the number of levels of this place that you have seen.
                   A       B       C       D       E      F
               +-------+-------+-------+-------+-------+----------------------
         Total | 100.0 | 100.0 | 100.0 |  -nan | 100.0 | 264.6
       Dungeon | 100.0 | 100.0 | 100.0 |  -nan | 100.0 | 264.6
               +-------+-------+-------+-------+-------+----------------------

Table legend:
 A = Turns spent in this place as a percentage of turns spent in the entire game.
 B = Non-inter-level travel turns spent in this place as a percentage of non-inter-level travel turns spent in the entire game.
 C = Inter-level travel turns spent in this place as a percentage of turns spent in this place.
 D = Turns resting spent in this place as a percentage of non-inter-level travel turns spent in this place.
 E = Turns spent auto-exploring this place as a percentage of non-inter-level travel turns spent in this place.
 F = Non-inter-level travel turns spent in this place divided by the number of levels of this place that you've seen.
                   A       B       C       D       E      F
               +-------+-------+-------+-------+-------+----------------------
         Total | 100.0 | 100.0 |   0.4 |   2.9 |   7.7 | 340.2
       Dungeon | 100.0 | 100.0 |   0.4 |   2.9 |   7.7 | 340.2
               +-------+-------+-------+-------+-------+----------------------

Notes
Turn   | Place    | Note
--------------------------------------------------------------
     0 | D:1      | mudo, the Vampire Earth Elementalist, began the quest for the Orb.
     0 | D:1      | Reached XP level 1. HP: 13/13 MP: 3/3
   176 | D:1      | Reached XP level 2. HP: 17/19 MP: 1/4
   457 | D:1      | Reached skill level 4 in Earth Magic
   622 | D:1      | Reached XP level 3. HP: 16/24 MP: 0/6
  1086 | D:2      | Found a sparkling altar of Nemelex Xobeh.
  1099 | D:2      | Became a worshipper of Nemelex Xobeh the Trickster
  1116 | D:2      | Received a gift from Nemelex Xobeh
  1178 | D:2      | Reached XP level 4. HP: 27/30 MP: 3/7
  1200 | D:2      | Learned a level 3 spell: Stone Arrow
  1284 | D:2      | Reached skill level 5 in Earth Magic
  1341 | D:2      | Reached skill level 1 in Evocations
  1374 | D:2      | Noticed Terence
  1380 | D:2      | Killed Terence
  1403 | D:2      | Found a white marble altar of Elyvilon.
  1850 | D:3      | Noticed Ijyb
  1866 | D:3      | Killed Ijyb
  1866 | D:3      | Reached XP level 5. HP: 25/35 MP: 6/9
  1934 | D:3      | Reached skill level 2 in Evocations
  2218 | D:3      | Found an ancient bone altar of Kikubaaqudgha.
  2277 | D:3      | Noticed a moth of wrath
  2417 | D:3      | Found a basalt altar of Yredelemnul.
  2439 | D:4      | Noticed an ogre
  2555 | D:4      | Received a gift from Nemelex Xobeh
  2563 | D:4      | Found an opulent altar of Gozag.
  2564 | D:4      | Found a snail-covered altar of Cheibriados.
  2565 | D:4      | Found a sacrificial altar of Ru.
  2591 | D:4      | Noticed a sky beast
  2591 | D:4      | an ogre changed into a sky beast
  2603 | D:4      | Killed a sky beast
  2603 | D:4      | Reached skill level 6 in Earth Magic
  2603 | D:4      | Reached skill level 3 in Evocations
  2603 | D:4      | Reached XP level 6. HP: 41/41 MP: 2/10
  3077 | D:4      | Got a slimy falchion
  3101 | D:4      | Reached skill level 4 in Evocations
  3388 | D:4      | Reached XP level 7. HP: 46/46 MP: 2/12
  3638 | D:5      | Entered Level 5 of the Dungeon
  3641 | D:5      | Found a staircase to the Ecumenical Temple.
  3642 | D:5      | Received a gift from Nemelex Xobeh
  3786 | D:5      | Reached skill level 7 in Earth Magic
  3868 | D:5      | Reached skill level 3 in Spellcasting
  4388 | D:5      | Received a gift from Nemelex Xobeh
  4453 | D:5      | Noticed a merfolk javelineer
  4453 | D:5      | Noticed a merfolk
  4453 | D:5      | Noticed a merfolk
  4453 | D:5      | Noticed a minotaur
  4455 | D:5      | Noticed a merfolk
  4456 | D:5      | HP: 8/46 [merfolk javelineer/spear of venom[the fury of Okawaru] (11)]
  4456 | D:5      | Slain by a merfolk javelineer
